 Dungeon Crawl Stone Soup version 0.28.0-1-gb440e238dd (webtiles) character file.

Game seed: 17085893868778544289

65044 RepoMan the Warrior (level 15, -8/109 HPs)
             Began as a Tengu Berserker on Feb 27, 2022.
             Was a High Priest of Trog.
             Mangled by a two-headed ogre (14 damage)
             ... while paralysed by an ogre mage
             ... on level 2 of the Orcish Mines.
             The game lasted 03:04:46 (22785 turns).

RepoMan the Warrior (Tengu Berserker)              Turns: 22785, Time: 03:04:47

Health: -8/109     AC:  6    Str: 33    XL:     15   Next: 15%
Magic:  16/16      EV:  2    Int: 14    God:    Trog [*****.]
Gold:   2210       SH:  0    Dex: 25    Spells: 14/14 levels left

rFire   + + +      SeeInvis .   u - +4 short sword (venom)
rCold   + . .      Faith    .   t - +0 buckler
rNeg    . . .      Spirit   .   Q - +1 leather armour "Moepp" {rF+ Int+5}
rPois   +          Reflect  .   o - +0 hat "Miekeu" {rElec Str+8}
rElec   +          Harm     .   z - scarf {rC+ rF+}
rCorr   .          Rampage  .   p - +1 pair of gloves "Jaadwe" {rF+ Str+7}
Will    +....                   (boots unavailable)
Stlth   ++........              i - amulet of the acrobat
HPRegen 0.28/turn               G - +6 ring of dexterity
MPRegen 0.15/turn               U - ring of poison resistance

@: paralysed, flying quickly and evasively, quick
A: beak, talons 3, nimble flight
a: Renounce Religion, Berserk, Trog's Hand, Brothers in Arms


You were on level 2 of the Orcish Mines.
You worshipped Trog.
Trog was extremely pleased with you.
You visited 3 branches of the dungeon, and saw 19 of its levels.
You also visited: Bailey and Ice Cave.

You collected 2450 gold pieces.
You spent 240 gold pieces at shops.

Inventory:

Hand Weapons
 g - a +5 antimagic rapier
 u - a +4 short sword of venom (weapon)
 x - a +1 scimitar of flaming
 y - a +0 hand crossbow
 L - a +0 rapier of freezing
Missiles
 e - 132 bolts
 h - 28 poisoned darts (quivered)
Armour
 o - the +0 hat "Miekeu" (worn) {rElec Str+8}
   (You acquired it on level 3 of the Dungeon)

   Str:       It affects your strength (+8).
   rElec:     It insulates you from electricity.
 p - the +1 pair of gloves "Jaadwe" (worn) {rF+ Str+7}
   (You acquired it on level 3 of the Dungeon)

   Str:       It affects your strength (+7).
   rF:        It protects you from fire.
 t - a +0 buckler (worn)
 z - a scarf of resistance (worn)
 Q - the +1 leather armour "Moepp" (worn) {rF+ Int+5}
   (You found it on level 9 of the Dungeon)

   Int:       It affects your intelligence (+5).
   rF:        It protects you from fire.
 R - a +4 chain mail
Jewellery
 i - an amulet of the acrobat (around neck)
 j - a ring of resist corrosion
 G - a +6 ring of dexterity (left hand)
 S - a +4 ring of evasion
 U - a ring of poison resistance (right hand)
Wands
 k - a wand of paralysis (1)
 l - a wand of flame (24)
Scrolls
 m - 6 scrolls of teleportation
 r - 3 scrolls of torment
 B - 4 scrolls of enchant weapon
 C - 2 scrolls of amnesia {unknown}
 D - 5 scrolls of blinking
 E - 2 scrolls of brand weapon {unknown}
 H - a scroll of fear {unknown}
 J - 4 scrolls of immolation {unknown}
 O - 4 scrolls of noise {unknown}
 T - a scroll of holy word {unknown}
 V - a scroll of magic mapping
Potions
 a - a potion of mutation
 b - 4 potions of heal wounds
 c - 5 potions of might
 f - 2 potions of magic
 q - 5 potions of curing
 s - a potion of ambrosia {unknown}
 w - 2 potions of berserk rage {unknown}
 A - a potion of degeneration {unknown}
 F - a potion of lignification {unknown}
 I - 3 potions of attraction {unknown}
 K - 2 potions of cancellation {unknown}
 N - 3 potions of brilliance {unknown}
 P - a potion of haste
Miscellaneous
 d - a condenser vane
 v - a box of beasts (inert)


   Skills:
 * Level 18.7 Fighting
 - Level 14.5 Short Blades
 - Level 2.1 Armour
 - Level 10.0 Dodging
 + Level 6.6 Shields
 - Level 8.0 Evocations


You had 14 spell levels left.
You didn't know any spells.
Your spell library was empty.

Dungeon Overview and Level Annotations

Branches:
Dungeon (11/15)            Temple (0/1) D:7            Lair (6/6) D:11
 Shoals (0/4) Lair:3        Snake (0/4) Lair:2        Slime (0/5) Lair:5
    Orc (2/2) D:10            Elf (0/3) Orc:2        Bailey (visited)
  IceCv (visited)

Altars:
Ashenzari
Kikubaaqudgha
Okawaru
Vehumet
Zin
The Shining One
Beogh
Jiyva

Shops:
D:4 [([[   D:11 (

Annotations:
D:5 2 runed translucent doors, Ablot's ghost, novice GnWr
D:6 exclusion: downstairs
D:7 Harold
D:8 exclusion: upstairs
Lair:3 exclusion: hydra


Innate Abilities, Weirdness & Mutations

You have a beak for a mouth.
You have claws for feet.
Your magical nature lets you fly swiftly and evasively.


Message History

The two-headed ogre is moderately wounded.
You barely miss the two-headed ogre.
The two-headed ogre is moderately wounded.
You hit the two-headed ogre.
The two-headed ogre is poisoned.
The two-headed ogre is moderately wounded.
The two-headed ogre hits you with a +0 giant club!!
The two-headed ogre misses you.
You puncture the two-headed ogre!
The two-headed ogre looks as sick as possible!
Your kick misses the two-headed ogre.
You peck the two-headed ogre, but do no damage.
The two-headed ogre is heavily wounded.
You hit the two-headed ogre.
The two-headed ogre is heavily wounded.
The two-headed ogre completely misses you.
The two-headed ogre hits you with a +0 giant club!
The orc wizard points at you and mumbles some strange words.
The magic dart hits you.
You feel much better.
You hear some strange, mumbled words.
You suddenly lose the ability to move!
The two-headed ogre hits you with a +0 giant club!!
The two-headed ogre hits you with a +0 giant club!
You hear some strange, mumbled words.
Something tries to affect you, but you resist.
The two-headed ogre hits you with a +0 giant club.
The two-headed ogre hits you with a +0 giant club!
* * * LOW HITPOINT WARNING * * *
The orc wizard gestures wildly while chanting.
The orc wizard flickers and vanishes!
The two-headed ogre hits you with a +0 giant club!
* * * LOW HITPOINT WARNING * * *
The two-headed ogre completely misses you.
You hear some strange, mumbled words.
You shrug off the repeated paralysis!
Something hits you but does no damage.
The two-headed ogre hits you with a +0 giant club!
* * * LOW HITPOINT WARNING * * *
The two-headed ogre hits you with a +0 giant club!
You die...

▒▒$......... ▒▒▒
▒.....$........▒.▒▒ ▒.▒▒
▒▒................. ...▒
▒▒.................▒▒ ▒▒..▒▒
▒...............$..$▒▒▒▒....▒▒
.......)▒.......▒$...▒▒...)..▒
......$▒▒▒.....)....▒▒..)<)..▒
......)[$..)......O..▒.[)....▒
..........)..)..@...>..)).▒.▒▒
.......).))[....O.......▒▒(▒.▒
.......).<)))...........▒
....▒
.......).................
...▒▒
..▒...................... ...▒
..▒▒▒▒.........▒▒▒..▒▒▒.. ....
.. ▒..$.....▒▒ ....▒▒▒. ...
.▒.▒.....▒ ....▒ .▒▒▒......▒
....▒


You could see 2 two-headed ogres.

Vanquished Creatures
  Erolcha (D:9)
  A boulder beetle (D:11)
  3 hydras
  Erica (D:10)
  13 two-headed ogres
  A catoblepas (Lair:5)
  2 ogre magi
  5 death yaks (Lair:5)
  Urug (D:10)
  Nergalle (D:10)
  Sonja (Orc:2)
  An orc knight (Orc:2)
  A lindwurm (Lair:3)
  3 orc sorcerers (Orc:1)
  2 centaur zombies
  11 elephants
  A torpor snail (Lair:5)
  3 black mambas
  A molten gargoyle (Orc:1)
  4 orange demons (D:11)
  11 cane toads
  12 komodo dragons
  11 rime drakes
  A kobold demonologist (D:10)
  A troll (Orc:1)
  3 red devils (D:11)
  8 hornets
  5 polar bears (Lair:6)
  15 blink frogs
  11 dream sheep
  A wraith (D:11)
  13 spriggans (Lair:6)
  10 wyverns
  23 yaks
  6 basilisks
  A warg (Orc:1)
  A naga (Lair:2)
  2 hell hounds (Lair:5)
  9 water moccasins
  16 orc warriors
  An ice beast (D:5)
  A swamp drake (D:11)
  4 black bears
  6 centaurs
  5 boggarts (Lair:6)
  24 ogres
  28 wolves
  A phantom (D:5)
  A kobold brigand (D:10)
  9 bullfrogs
  3 scorpions
  2 cane toad simulacra (Lair:4)
  A water moccasin skeleton (D:5)
  10 killer bees
  3 wights (D:8)
  2 electric eels (Lair:6)
  A lava snake (Orc:1)
  A howler monkey (D:9)
  15 orc priests
  3 bullfrog skeletons
  3 hounds
  A centaur skeleton (D:6)
  4 iguanas
  13 orc wizards
  3 hell rats (Lair:5)
  2 polar bear simulacra (Lair:4)
  3 gnolls
  7 adders
  A shadow imp (D:5)
  3 white imps
  An adder skeleton (D:4)
  2 worms
  2 dart slugs (D:1)
  61 orcs
  3 ball pythons
  A bat (D:1)
  5 endoplasms
  15 giant cockroaches
  6 goblins
  5 hobgoblins
  2 jackals (D:3)
  12 kobolds
  3 quokkas
  14 frilled lizards
  5 rats
515 creatures vanquished.

Vanquished Creatures (collateral kills)
  3 two-headed ogres
  A troll (Orc:2)
  A water moccasin (Lair:1)
  2 killer bees (D:10)
  3 orc wizards
  3 orcs (Orc:2)
  2 kobolds (D:10)
15 creatures vanquished.

Vanquished Creatures (others)
  A two-headed ogre (D:9)
  An orc knight (D:10)
  A rime drake (Lair:5)
  2 yaks (D:9)
  A wyvern (Lair:5)
  An acid dragon (D:10)
  An orc warrior (Orc:2)
  An ogre (Orc:2)
  21 fungi
  71 plants
101 creatures vanquished.

Grand Total: 631 creatures vanquished

Notes
Turn   | Place    | Note
-------+----------+-------------------------------------------
     0 | D:1      | RepoMan the Tengu Berserker began the quest for the Orb.
     0 | D:1      | Reached XP level 1. HP: 14/14 MP: 2/2
   217 | D:1      | Found a faded altar of an unknown god.
   237 | D:1      | Reached XP level 2. HP: 19/19 MP: 3/3
  1210 | D:2      | Reached XP level 3. HP: 23/23 MP: 4/4
  1869 | D:3      | Identified 3 scrolls of acquirement
  1869 | D:3      | Acquired the +0 hat "Miekeu" {rElec Str+8}
  1876 | D:3      | Acquired the +1 pair of gloves "Jaadwe" {rF+ Str+7}
  1883 | D:3      | Acquired 1053 gold pieces
  1984 | D:3      | Reached ** piety under Trog
  2119 | D:3      | Reached skill level 5 in Short Blades
  2287 | D:3      | Reached XP level 4. HP: 21/28 MP: 5/5
  2957 | D:4      | Found Erotzuxe's Armour Boutique.
  3031 | D:4      | Found Zoyt's Antique Armour Shop.
  3039 | D:4      | Bought an embroidered scarf for 240 gold pieces
  3074 | D:4      | Found Palom's Antique Armour Emporium.
  3117 | D:4      | Reached *** piety under Trog
  3125 | D:4      | Found Nifiag Atwa's Antique Weapon Shoppe.
  3177 | D:4      | Gained mutation: Your magical nature lets you fly swiftly
                  | and evasively. [Tengu growth]
  3177 | D:4      | Reached XP level 5. HP: 32/32 MP: 6/6
  3552 | D:5      | Entered Level 5 of the Dungeon
  3631 | D:5      | Found a runed translucent door.
  3651 | D:5      | Noticed Ablot's ghost (novice GnWr)
  3821 | D:5      | Noticed an ogre
  3824 | D:5      | Killed an ogre
  3825 | D:5      | Reached XP level 6. HP: 38/38 MP: 7/7
  3863 | D:5      | Reached skill level 4 in Fighting
  4016 | D:5      | Found a runed translucent door.
  4291 | D:5      | Reached XP level 7. HP: 44/44 MP: 8/8
  4763 | D:5      | Reached skill level 5 in Fighting
  4980 | D:5      | Reached XP level 8. HP: 49/49 MP: 9/9
  5704 | D:6      | Found a glowing golden altar of the Shining One.
  6194 | D:7      | Reached **** piety under Trog
  6201 | D:7      | Noticed a manticore
  6285 | D:7      | Found a broken altar of Ashenzari.
  6285 | D:7      | Found an ancient bone altar of Kikubaaqudgha.
  6288 | D:7      | Noticed a hornet
  6299 | D:7      | Killed a hornet
  6300 | D:7      | Reached skill level 6 in Fighting
  6300 | D:7      | Reached skill level 10 in Short Blades
  6392 | D:7      | Found a flagged portal.
  6396 | Bailey   | Entered a bailey
  6403 | Bailey   | Noticed an orc knight
  6630 | Bailey   | Noticed an orc knight
  6716 | D:7      | Found a staircase to the Ecumenical Temple.
  6719 | D:7      | Noticed Harold
  6992 | D:8      | Reached XP level 9. HP: 56/56 MP: 10/10
  7093 | D:8      | Noticed a hornet
  7097 | D:8      | Killed a hornet
  7098 | D:8      | Reached skill level 7 in Fighting
  7677 | D:9      | Noticed a two-headed ogre
  7701 | D:9      | Killed a two-headed ogre
  7709 | D:9      | Noticed a two-headed ogre
  8134 | D:9      | Noticed a hornet
  8139 | D:9      | Killed a hornet
  8140 | D:9      | Reached skill level 1 in Shields
  8140 | D:9      | Reached skill level 1 in Evocations
  8260 | D:9      | Reached skill level 8 in Fighting
  8703 | D:9      | Identified the +1 leather armour "Moepp" {rF+ Int+5}
  8716 | D:9      | Found a glowing silver altar of Zin.
  8719 | D:9      | Found an iron altar of Okawaru.
  8754 | D:9      | Noticed Erolcha
  8760 | D:9      | Killed Erolcha
  8761 | D:9      | Reached XP level 10. HP: 65/65 MP: 11/11
  8799 | D:9      | Found a radiant altar of Vehumet.
  8862 | D:10     | Entered Level 10 of the Dungeon
  8909 | D:10     | Reached skill level 9 in Fighting
  8984 | D:10     | Noticed Erica
  8995 | D:10     | Killed Erica
  9131 | D:10     | Noticed Nergalle
  9134 | D:10     | Noticed a kobold demonologist
  9144 | D:10     | Noticed a two-headed ogre
  9149 | D:10     | Killed Nergalle
  9150 | D:10     | Reached skill level 10 in Fighting
  9163 | D:10     | Killed a two-headed ogre
  9177 | D:10     | Reached skill level 11 in Fighting
  9183 | D:10     | Killed a kobold demonologist
  9290 | D:10     | Reached XP level 11. HP: 74/74 MP: 12/12
  9310 | D:10     | Noticed Urug
  9510 | D:10     | Noticed a two-headed ogre
  9904 | D:10     | Noticed an orc knight
  9951 | D:10     | Killed an orc knight
 10026 | D:10     | Found a staircase to the Orcish Mines.
 10313 | D:10     | Killed Urug
 10609 | D:11     | Reached skill level 12 in Fighting
 10713 | D:11     | Noticed a boulder beetle
 10730 | D:11     | Killed a boulder beetle
 11002 | D:11     | Killed a two-headed ogre
 11003 | D:11     | Reached skill level 5 in Evocations
 11039 | D:11     | Reached skill level 5 in Dodging
 11099 | D:11     | Noticed a two-headed ogre
 11108 | D:11     | Killed a two-headed ogre
 11109 | D:11     | Reached skill level 13 in Fighting
 11559 | D:11     | Reached XP level 12. HP: 84/84 MP: 13/13
 11594 | D:11     | Found a staircase to the Lair.
 11691 | D:11     | Found Esar's Weapon Shop.
 12008 | D:11     | Reached ***** piety under Trog
 12138 | Lair:1   | Entered Level 1 of the Lair of Beasts
 13330 | Lair:2   | Found a staircase to the Snake Pit.
 13686 | Lair:3   | Found a staircase to the Shoals.
 13710 | Lair:3   | Reached skill level 14 in Fighting
 14348 | Lair:3   | Noticed a six-headed hydra
 14926 | Lair:4   | Found a frozen archway.
 14930 | Lair:4   | Received a gift from Trog
 15060 | Lair:4   | Reached skill level 5 in Shields
 15336 | IceCv    | Entered an ice cave
 15429 | Lair:4   | Noticed a five-headed hydra
 15530 | Lair:4   | Killed a four-headed hydra
 15745 | Lair:4   | Reached XP level 13. HP: 85/91 MP: 14/14
 15795 | Lair:4   | Reached skill level 15 in Fighting
 17208 | Lair:5   | Found a viscous altar of Jiyva.
 17208 | Lair:5   | Found a staircase to the Slime Pits.
 17558 | Lair:5   | Reached skill level 16 in Fighting
 17914 | Lair:6   | Entered Level 6 of the Lair of Beasts
 18239 | Lair:5   | Reached XP level 14. HP: 83/100 MP: 15/15
 18658 | Lair:5   | Reached skill level 10 in Dodging
 19127 | Lair:6   | Reached skill level 17 in Fighting
 20651 | Orc:1    | Entered Level 1 of the Orcish Mines
 20657 | Orc:1    | Received a gift from Trog
 21281 | Orc:2    | Entered Level 2 of the Orcish Mines
 21281 | Orc:2    | Found a staircase to the Elven Halls.
 21583 | Orc:2    | Noticed Sonja
 21602 | Orc:1    | Reached skill level 18 in Fighting
 22174 | Orc:1    | Reached XP level 15. HP: 109/109 MP: 16/16
 22271 | Orc:2    | Received a gift from Trog
 22429 | Orc:2    | Killed Sonja
 22780 | Orc:2    | Paralysed by something for 7 turns
 22785 | Orc:2    | Mangled by a two-headed ogre

Illustrated notes

Levels and vault maps discovered:
D:1:      amcnicky_arrival_single_pillar, layout_basic,
          ebering_ecumenical_altar_abandoned
D:2:      layout_basic
D:3:      minmay_roachtagon, layout_basic
D:4:      layout_rooms, serial_shops, shop, kennysheep_mini, shop, shop,
          supply_closet_lemuel
D:5:      layout_gridville, ebering_ghost_sewer_f, minmay_checkerbox
D:6:      layout_gridville, nicolae_tso_swordbearing_angel, minmay_lizard_king
D:7:      layout_basic, grunt_temple_overflow_champion_of_chaos,
          chequers_temple_overflow_statue_of_worship, minmay_temple_entry_grid,
          enter_bailey_1, uniq_harold
D:8:      layout_basic, chequers_serial_rivers_small_a
D:9:      lemuel_ice_spiral_2, layout_basic, nicolae_overflow_hidden_temple,
          uniq_erolcha
D:10:     layout_layer_cave, david_orc_5, chequers_serial_rivers_micro_d,
          minmay_misc_feat_doors, minmay_starry_boxes, uniq_nergalle,
          uniq_erica, uniq_urug
D:11:     layout_basic, erik_lair_dragon, serial_shops, shop,
          minmay_beelzebubs_servants
Lair:1:   layout_long_grid, infiniplex_staircase_pool
Lair:2:   layout_chaotic_city, guppyfry_snake_entry_garden, grunt_megastairs_3
Lair:3:   layout_small_grid, elwin_shoals_entry_rocks
Lair:4:   layout_cave_pods, portal_ice_cave_entry_ice_simulacra,
          infiniplex_staircase_pool_2
Lair:5:   layout_cellular_growth, dpeg_slime_entry_enclosed_altar, special_room
          [special_room_mythical_zoo], serial_bayou_shore_b,
          serial_bayou_shore_b, grunt_megastairs_4
Lair:6:   minmay_lair_end_enchanted_forest, layout_regular_city, serial_bayou,
          serial_bayou_ford_a, serial_bayou_pond_a, serial_bayou_crossing,
          serial_bayou_pond_e, serial_bayou_lagoon_b, serial_bayou_pond_c
Orc:1:    layout_caves, basic_altar, nicolae_orc_lava_tube
Orc:2:    st_orc_ogre_mass, layout_caves, basic_altar, uniq_sonja, uniq_donald

Skill      XL: |  1  2  3  4  5  6  7  8  9 10 11 12 13 14 |
---------------+-------------------------------------------+-----
Short Blades   | 4 5 6 7 9 10 12 13 14 | 14.5
Fighting       | 4 5 6 8 11 13 14 16 18 | 18.7
Shields        | 2 4 5 6 |  6.6
Evocations     | 2 4 5 7 8 |  8.0
Dodging        | 5 7 9 10 | 10.0
Armour         | |  2.1

Action                   |  1- 3 |  4- 6 |  7- 9 | 10-12 | 13-15 || total
-------------------------+-------+-------+-------+-------+-------++-------
Melee: Dagger            |    85 |     2 |       |       |       ||    87
       Kick              |    20 |    12 |    32 |   132 |   396 ||   592
       Peck              |    10 |     4 |    17 |    76 |   226 ||   333
       Short sword       |     1 |    38 |    99 |   341 |   773 ||  1252
       Scimitar          |       |       |       |     1 |     4 ||     5
       Rapier            |       |       |       |       |     7 ||     7
 Fire: Hunting sling     |    17 |    11 |       |       |       ||    28
       Hand crossbow     |       |    29 |    45 |    52 |    35 ||   161
Throw: Stone             |     5 |       |       |       |       ||     5
       Dart              |     2 |     2 |    15 |    14 |     1 ||    34
Invok: Berserk           |       |       |     7 |     2 |    14 ||    23
       Trog's Hand       |       |       |     2 |     5 |     8 ||    15
Evoke: Wand              |       |       |    11 |    37 |    18 ||    66
       Condenser vane    |       |       |     1 |     1 |     2 ||     4
       Box of beasts     |       |       |       |       |     2 ||     2
  Use: Scroll            |     3 |       |     7 |     3 |     3 ||    16
       Potion            |       |       |     2 |     2 |     5 ||     9
 Stab: Sleeping          |     1 |       |     3 |     3 |     3 ||    10
       Paralysed         |       |       |       |     3 |     1 ||     4
       Distracted        |       |       |       |     1 |       ||     1
Armor: Animal skin       |     7 |       |       |       |       ||     7
       Leather armour    |     9 |     7 |     1 |    18 |    23 ||    58
       Ring mail         |       |       |     7 |       |       ||     7
Dodge: Dodged            |    26 |    13 |    46 |   142 |   414 ||   641
Block: Buckler           |     2 |     1 |     7 |    63 |   159 ||   232
